 Seeded DCSS version 0.32-a0-893-gf85d74f360 (webtiles) character file.

Game seed: 2024040313 (custom seed)

4272 Orlauf the Fighter (level 10, 0/83 HPs)
             Began as a Demonspawn Gladiator on Apr 3, 2024.
             Was a Follower of Uskayaw.
             Slain by Urug
             ... wielding a +6 battleaxe
              (25 damage)
             ... on level 10 of the Dungeon.
             The game lasted 00:15:11 (7787 turns).

Orlauf the Fighter (Demonspawn Gladiator)           Turns: 7787, Time: 00:15:13

Health: 0/83       AC: 18    Str: 25    XL:     10   Next: 10%
Magic:  24/24      EV:  8    Int:  9    God:    Uskayaw [*.....]
Gold:   422        SH:  5    Dex: 17    Spells: 9/9 levels left

rFire   . . .        a - +1 quarterstaff
rCold   . . .        (shield currently unavailable)
rNeg    + . .        z - +4 chain mail {rN+}
rPois   .            c - +1 helmet
rElec   .            m - +1 cloak of the Orb Guardian {Str+6 Dex+3}
rCorr   .            (no gloves)
SInv    +            (no boots)
Will    .....        F - amulet of reflection Stlth
                     q - ring of see invisible
HPRegen 0.33/turn    C - ring of magical power
MPRegen 0.19/turn

%: reflection
@: slowed, wreathed by umbra, very slow
A: claws 2, yellow scales 1, foul shadow 1
a: Renounce Religion, Stomp


You were on level 10 of the Dungeon.
You worshipped Uskayaw.
Uskayaw was noncommittal.
You visited 2 branches of the dungeon, and saw 11 of its levels.
You also visited: Bailey.

You collected 422 gold pieces.

Inventory:

Hand Weapons
 a - a +1 quarterstaff (weapon)
 o - the +4 hand axe "Letej" {distort, rC+ Stlth+}
   (You found it on level 5 of the Dungeon)

   rC+:       It protects you from cold.
   Stlth+:    It makes you more stealthy.
Missiles
 d - 2 throwing nets
 e - a javelin
 f - 31 poisoned darts
 H - 3 silver javelins
Armour
 c - a +1 helmet (worn)
 m - the +1 cloak of the Orb Guardian (worn) {Str+6 Dex+3}
   (You acquired it on level 5 of the Dungeon)

   Str+6:     It affects your strength (+6).
   Dex+3:     It affects your dexterity (+3).
 y - a +2 buckler of fire resistance
 z - a +4 chain mail of positive energy (worn)
 A - a scarf of shadows
 D - the +1 pair of gloves of Beogh's Wrath {rN++ Will- Str+3}
   (You found it on level 7 of the Dungeon)

   Str+3:     It affects your strength (+3).
   rN++:      It greatly protects you from negative energy.
   Will-:     It decreases your willpower.
Jewellery
 b - a ring of positive energy
 q - a ring of see invisible (left claw)
 C - a ring of magical power (right claw)
 F - an amulet of reflection (around neck)
Wands
 k - a wand of light (4) (quivered)
 n - a wand of mindburst (8)
 w - a wand of flame (15)
Scrolls
 i - a scroll of enchant weapon
 p - 2 scrolls of blinking
 r - 2 scrolls of teleportation
 s - a scroll of fog
 G - a scroll of revelation
Potions
 h - a potion of ambrosia {unknown}
 j - 3 potions of brilliance
 l - a potion of attraction
 t - a potion of cancellation
 u - 3 potions of resistance
 v - a potion of invisibility {unknown}
 B - a potion of heal wounds
 E - a potion of enlightenment
Miscellaneous
 g - a phantom mirror


   Skills:
 * Level 9.4 Fighting
 + Level 8.0 Staves
 - Level 1.7 Throwing
 - Level 2.6 Dodging
 + Level 7.3 Invocations
 - Level 5.5 Evocations


You had 9 spell levels left.
You didn't know any spells.
Your spell library contained the following spells:

 Spells                   Type           Power      Damage    Failure   Level
 Foxfire                  Conj/Fire      0%         2x1d4     94%         1
 Ensorcelled Hibernation  Hex/Ice        0%         N/A       98%         2
 Dazzling Flash           Conj/Hex       0%         N/A       100%        3
 Mephitic Cloud           Conj/Alch/Air  0%         N/A       100%        3
 Passwall                 Erth           0%         N/A       100%        3
 Summon Ice Beast         Ice/Summ       0%         N/A       100%        3
 Swiftness                Air            0%         N/A       100%        3
 Flame Wave               Conj/Fire      0%         2d4       100%        4
 Leda's Liquefaction      Alch/Erth      0%         N/A       100%        4
 Petrify                  Alch/Erth      0%         N/A       100%        4
 Summon Blazeheart Golem  Fire/Summ      0%         N/A       100%        4
 Curse of Agony           Necr           0%         N/A       100%        5
 Metabolic Englaciation   Hex/Ice        0%         N/A       100%        5
 Silence                  Hex/Air        0%         N/A       100%        5
 Summon Mana Viper        Hex/Summ       0%         N/A       100%        5
 Monstrous Menagerie      Summ           0%         N/A       100%        7
 Ignition                 Fire           0%         3d3       100%        8


Dungeon Overview and Level Annotations

Branches:
Dungeon (10/15)            Temple (1/1) D:6          Bailey (visited)
   Lair: D:8-11         Orc: D:9-12

Altars:
Ashenzari
Cheibriados
Dithmenos
Fedhas
Gozag
Hepliaklqana
Kikubaaqudgha
Makhleb
Nemelex Xobeh
Okawaru
Qazlal
Ru
Sif Muna
Trog
Uskayaw
Vehumet
Wu Jian
Xom
Yredelemnul

Shops:
D:8 =

Annotations:
D:6 3 runed translucent doors, spaghetti's ghost, novice OnCK
D:8 2 transporters, garrulousMonolith's ghost, novice TrFi
D:10 Urug
Temple 2 transporters


Innate Abilities, Weirdness & Mutations

You have very sharp fingernails.
You are partially covered in yellow scales. (AC +2)
You are faintly shadowed, very rarely releasing foul flame when damaged in melee.


Message History

The curare-tipped dart hits you.
You are poisoned.
You have difficulty breathing.
You feel yourself slow down.
The kobold throws a poisoned dart.
You block the poisoned dart with an invisible shield... and reflect it back!
The poisoned dart misses the kobold.
You feel better.
The kobold brigand throws a curare-tipped dart.
The curare-tipped dart closely misses you.
Urug barely misses you.
The kobold throws a stone.
The stone hits you but does no damage.
You barely miss Urug.
Urug is lightly wounded.
Urug barely misses you.
The kobold throws a poisoned dart.
The poisoned dart hits you!
You are poisoned.
You hit Urug but do no damage.
Urug is lightly wounded.
You feel very sick. Urug hits you with a +6 battleaxe!
The kobold brigand throws a curare-tipped dart.
The curare-tipped dart hits you.
You are more poisoned.
You have difficulty breathing.
You feel as though you will be slow longer.
The kobold throws a poisoned dart.
The poisoned dart barely misses you.
The kobold throws a poisoned dart.
The poisoned dart barely misses you. You block Urug's attack.
You barely miss Urug.
Urug is lightly wounded.
You feel very sick. Urug hits you with a +6 battleaxe!!
The kobold throws a stone.
The stone hits you.
You feel better. Urug hits you with a +6 battleaxe!
The kobold throws a stone.
You block the stone with an invisible shield... and reflect it back!
The stone closely misses the kobold.
The kobold throws a poisoned dart.
The poisoned dart closely misses you. Urug hits you with a +6 battleaxe!!
You die...
Urug says, "One more harpy dead."
Your body falls in perfect tune with the rhythm.

.. #... ..##...
...... .....
+##### #...
.....#
..##...##.....+
..............#
.......@<.....#
.....$o.......#
####.....K....#
#....K.K...#
#............#
#....##....).#
##... .....##
#... ......


You could see Urug (blind, unable to see you), a kobold brigand and 2 kobolds.

Vanquished Creatures
  A gargoyle (Bailey)
  A kobold demonologist (D:9)
  A troll (D:7)
  Prince Ribbit (D:6)
  A vampire (Bailey)
  A wyvern (D:9)
  A steam dragon (D:8)
  An acid dragon (D:7)
  2 water moccasins
  2 orc warriors
  An ogre (D:7)
  4 centaurs
  2 kobold brigands
  A bullfrog (D:7)
  A gnoll sergeant (D:9)
  A scorpion (D:5)
  6 killer bees (D:9)
  7 vampire bats (Bailey)
  A howler monkey (D:6)
  8 wolf zombies (Bailey)
  An orc priest (D:7)
  3 hounds
  2 gnoll boudas (D:9)
  A sleepcap (D:5)
  3 iguanas
  2 orc wizards (D:6)
  12 gnolls (D:9)
  8 adders
  2 shadow imps
  A white imp (D:7)
  4 ufetubi (D:6)
  2 dart slugs
  33 orcs
  6 ball pythons
  8 endoplasms
  5 giant cockroaches
  12 goblins
  8 hobgoblins
  3 jackals (D:1)
  13 kobolds
  2 quokkas (D:2)
  2 bats
  3 frilled lizards
  18 orc zombies (Bailey)
  5 rats
203 creatures vanquished.

Notes
Turn   | Place    | Note
-------+----------+-------------------------------------------
     0 | D:1      | Orlauf the Demonspawn Gladiator began the quest for the
                  | Orb.
     0 | D:1      | Reached XP level 1. HP: 16/16 MP: 1/1
   135 | D:1      | Gained mutation: You are partially covered in yellow
                  | scales. (AC +2) [demonic ancestry]
   135 | D:1      | Reached XP level 2. HP: 22/22 MP: 2/2
   495 | D:1      | Gained mutation: You have sharp fingernails. [demonic
                  | ancestry]
   495 | D:1      | Reached XP level 3. HP: 23/28 MP: 3/3
   920 | D:2      | Found a snail-covered altar of Cheibriados.
  1299 | D:3      | Gained mutation: You are faintly shadowed, very rarely
                  | releasing foul flame when damaged in melee. [demonic
                  | ancestry]
  1299 | D:3      | Reached XP level 4. HP: 33/34 MP: 4/4
  1300 | D:3      | Reached skill level 3 in Fighting
  1664 | D:3      | Found a faded altar of an unknown god.
  2050 | D:4      | Reached XP level 5. HP: 41/41 MP: 5/5
  2298 | D:4      | Found an ornate altar of the Wu Jian Council.
  2581 | D:5      | Entered Level 5 of the Dungeon
  2622 | D:5      | Identified the +4 hand axe "Letej" {distort, rC+ Stlth+}
  2672 | D:5      | Reached skill level 5 in Staves
  2866 | D:5      | Reached skill level 1 in Evocations
  2866 | D:5      | Reached XP level 6. HP: 48/48 MP: 6/6
  2887 | D:5      | Reached skill level 4 in Fighting
  2952 | D:5      | Identified the maw talisman of the Distant Future {rF+
                  | Dex+3}
  3353 | D:5      | Identified a scroll of acquirement
  3353 | D:5      | Acquired the +1 cloak of the Orb Guardian {Str+6 Dex+3}
  3455 | D:6      | Noticed spaghetti's ghost (novice OnCK)
  3474 | D:6      | Found a staircase to the Ecumenical Temple.
  3474 | D:6      | Noticed Prince Ribbit
  3484 | D:6      | Killed Prince Ribbit
  3485 | D:6      | Reached XP level 7. HP: 40/55 MP: 7/7
  3548 | Temple   | Found a transporter.
  3548 | Temple   | Found a transporter.
  3548 | Temple   | Found a transporter.
  3548 | Temple   | Found a transporter.
  3548 | Temple   | Entered the Ecumenical Temple
  3565 | Temple   | Became a worshipper of Uskayaw the Reveller
  3621 | D:6      | Reached * piety under Uskayaw
  3671 | D:6      | Reached ** piety under Uskayaw
  3696 | D:6      | Reached *** piety under Uskayaw
  3698 | D:6      | Reached skill level 1 in Invocations
  3699 | D:6      | Reached **** piety under Uskayaw
  3703 | D:6      | Reached skill level 5 in Fighting
  3706 | D:6      | Reached ***** piety under Uskayaw
  3729 | D:6      | Found a runed translucent gate.
  3730 | D:6      | Found a runed translucent gate.
  3902 | D:6      | Found a runed translucent gate.
  4234 | D:7      | Noticed a troll
  4248 | D:7      | Killed a troll
  4249 | D:7      | Reached XP level 8. HP: 58/64 MP: 8/10
  4363 | D:7      | Got the Incunable of Anthracomancy
  4368 | D:7      | Found a radiant altar of Vehumet.
  4518 | D:7      | Found a flagged portal.
  4524 | Bailey   | Entered a bailey
  4574 | Bailey   | Reached skill level 6 in Fighting
  4585 | Bailey   | Identified the +3 leather armour "Waunniff" {rC+}
  4931 | Bailey   | Reached skill level 7 in Fighting
  5020 | Bailey   | Noticed a gargoyle
  5047 | Bailey   | Killed a gargoyle
  5048 | Bailey   | Reached skill level 5 in Invocations
  5048 | Bailey   | Reached XP level 9. HP: 7/72 MP: 12/12
  5496 | D:7      | Identified the +1 pair of gloves of Beogh's Wrath {rN++
                  | Will- Str+3}
  5611 | D:7      | Reached skill level 5 in Evocations
  5762 | D:7      | Reached skill level 8 in Fighting
  5792 | D:7      | Found a shimmering blue altar of Sif Muna.
  5934 | D:8      | Found a transporter.
  5936 | D:8      | Noticed a two-headed ogre
  5945 | D:8      | Noticed garrulousMonolith's ghost (novice TrFi)
  5946 | D:8      | Found a bloodstained altar of Trog.
  5956 | D:8      | Found a transporter.
  6240 | D:8      | Found Iggutama's Jewellery Emporium.
  6549 | D:8      | Noticed a moth of wrath
  7097 | D:9      | Reached skill level 9 in Fighting
  7296 | D:9      | Noticed a kobold demonologist
  7302 | D:9      | Noticed a hellwing
  7313 | D:9      | Killed a kobold demonologist
  7314 | D:9      | Gained mutation: You have very sharp fingernails. [demonic
                  | ancestry]
  7314 | D:9      | Reached XP level 10. HP: 43/83 MP: 15/15
  7779 | D:10     | Entered Level 10 of the Dungeon
  7779 | D:10     | Noticed Urug
  7787 | D:10     | Slain by Urug

Illustrated notes

Levels and vault maps discovered:
D:1:      shiori_angband_town, layout_basic
D:2:      layout_rooms, basic_altar, minmay_bisected
D:3:      layout_rooms, chequers_ecumenical_altar_twisty
D:4:      layout_loops_cross, nzn_wu_jian_contemplation
D:5:      layout_gridville, serial_co_window_serial, co_window_paths_b,
          co_window_paths_b, co_window_corner_a, co_window_paths_b,
          co_window_cross_1, co_window_corner_b, co_window_paths_c,
          co_window_2corner, co_window_of_opportunity_c, co_window_broadway_b,
          glass_columns_c, glass_columns_c, glass_columns_c, glass_columns_b,
          glass_columns_c
D:6:      layout_basic, temple_fountains, gammafunk_ghost_split,
          serial_bayou_ford_a, uniq_prince_ribbit1
D:7:      layout_layer_cave, mainiacjoe_overflow_catch_the_wave, enter_bailey_2
D:8:      layout_loops_ring, serial_shops, nicolae_shop_gaudy_bauble,
          serial_co_window_serial, co_window_of_opportunity_a,
          co_window_corner_a, co_window_paths_a, co_window_paths_a,
          co_window_paths_b, co_window_corner_a, co_window_paths_b,
          co_window_broadway_b, co_window_cross_2, co_window_broadway_b,
          co_window_corner_b, co_window_2corner, glass_columns_a,
          glass_columns_a, glass_columns_b, glass_columns_c,
          gammafunk_ghost_wrathful_warriors
D:9:      layout_cave_pools, grunt_decor_one_mirror,
          hangedman_abyss_or_decor_stabs, minmay_misc_feat_more_columns
D:10:     nzn_winding_woodlands_small [nzn_winding_woodlands_5x15_default,
          nzn_winding_woodlands_center_garden,
          nzn_winding_woodlands_5x15_garden], layout_gridville, minivault_12,
          uniq_urug
Temple:   hellmonk_temple_divided_pantheon

Skill      XL: |  1  2  3  4  5  6  7  8  9 10 |
---------------+-------------------------------+-----
Staves         | 3 4 5 6 7 8 |  8.0
Fighting       | 3 4 5 7 9 |  9.4
Evocations     | 1 2 3 4 5 |  5.5
Invocations    | 3 5 7 |  7.3
Throwing       | |  1.7
Dodging        | |  2.6

Action                     |  1- 3 |  4- 6 |  7- 9 | 10-12 || total
---------------------------+-------+-------+-------+-------++-------
  Melee: Quarterstaff      |   119 |   134 |   408 |    29 ||   690
  Throw: Dart              |     2 |       |       |       ||     2
         Throwing net      |       |       |     5 |       ||     5
  Evoke: Wand              |       |     8 |    12 |     2 ||    22
    Use: Scroll            |     6 |     2 |     6 |     3 ||    17
         Potion            |       |       |     2 |     2 ||     4
   Stab: Paralysed         |       |       |    16 |     4 ||    20
 Armour: Leather armour    |    15 |       |       |       ||    15
         Chain mail        |    81 |    90 |   387 |    41 ||   599
         Scale mail        |     2 |       |       |       ||     2
  Dodge: Dodged            |    44 |    62 |   201 |    26 ||   333
  Block: Other             |       |       |       |     9 ||     9
         Reflection        |       |       |       |     2 ||     2

Table legend: (Time is in decaauts)
 A = Elapsed time spent in this place.
 B = Non-inter-level travel time spent in this place.
 C = Inter-level travel time spent in this place.
 D = Time resting spent in this place.
 E = Time spent auto-exploring this place.
 F = Levels seen in this place.
 G = Mean time per level.
                   A        B        C        D        E       F      G
               +--------+--------+--------+--------+--------+-----+--------+
         Total |   7793 |   7549 |    244 |    662 |   4980 |  12 |  649.4 |
       Dungeon |   6931 |   6698 |    233 |    336 |   4933 |  10 |  693.1 |
        Temple |     32 |     22 |     10 |      0 |      0 |   1 |   32.0 |
        Bailey |    829 |    829 |      0 |    326 |     47 |   1 |  829.0 |
               +--------+--------+--------+--------+--------+-----+--------+

Top non-repeatable levels by time:
     D:8: 1122 daAuts
     D:6: 841 daAuts
  Bailey: 829 daAuts
     D:7: 819 daAuts
     D:1: 796 daAuts
     D:5: 785 daAuts
     D:4: 773 daAuts
     D:9: 752 daAuts
     D:3: 521 daAuts
     D:2: 510 daAuts
  Temple: 32 daAuts
    D:10: 9 daAuts
